 Dungeon Crawl Stone Soup version 0.31-a0-1591-g515db51633 (webtiles) character file.

Game seed: 17968048645049178287

5289 jestert79 the Spear-Bearer (level 10, -1/85 (91) HPs)
             Began as a Red Draconian Cinder Acolyte on Jan 6, 2024.
             Was a High Priest of Ignis.
             Slain by a wight
             ... wielding a +1 mace
              (11 damage)
             ... on level 9 of the Dungeon.
             The game lasted 00:27:55 (10762 turns).

jestert79 the Spear-Bearer (DrCA)                  Turns: 10762, Time: 00:27:55

HP:   -1/85 (91)    AC:  9    Str: 16    XL:     10   Next: 37%
MP:   10/11         EV: 13    Int: 20    God:    Ignis [*****.]
Gold: 469           SH:  0    Dex:  6    Spells: 9/11 levels left

rFire   + + .        E - +0 glaive
rCold   + . .        (shield currently unavailable)
rNeg    . . .        (body armour unavailable)
rPois   .            (helmet restricted)
rElec   .            b - scarf {repulsion}
rCorr   .            q - +0 pair of gloves
SInv    .            t - +0 pair of boots
Will    .....        D - amulet of the acrobat
Stlth   +            i - ring of protection from cold
HPRegen 0.34/turn    (no ring)
MPRegen 0.12/turn

%: repel missiles, acrobat
@: drained
A: breathe fire, AC +7, unfitting armour, fire resistance 1, cold-blooded
a: Breathe Fire, Renounce Religion, Fiery Armour, Foxfire Swarm, Rising Flame


You were on level 9 of the Dungeon.
You worshipped Ignis.
Ignis was extremely pleased with you.
You visited 1 branch of the dungeon, and saw 9 of its levels.
You also visited: Ossuary.

You collected 469 gold pieces.

Inventory:

Hand Weapons
 a - a -1 spear of flaming
 E - a +0 glaive (weapon)
Missiles
 e - 10 poisoned darts
Armour
 b - a scarf of repulsion (worn)
 q - a +0 pair of gloves (worn)
 t - a +0 pair of boots (worn)
Jewellery
 i - a ring of protection from cold (left hand)
 k - a ring of ice
 u - a ring of fire
 v - an amulet of regeneration
 D - an amulet of the acrobat (around neck)
Wands
 h - a wand of flame (7)
 y - a wand of iceblast (2)
Scrolls
 c - 2 scrolls of vulnerability
 g - 3 scrolls of poison
 n - 4 scrolls of teleportation
 w - 3 scrolls of amnesia
 A - 2 scrolls of noise {unknown}
 B - a scroll of revelation
 C - a scroll of blinking
Potions
 d - a potion of cancellation
 f - 3 potions of heal wounds
 j - 3 potions of invisibility
 l - 3 potions of brilliance
 m - a potion of curing
 o - a potion of might
 p - a potion of mutation
 r - 2 potions of enlightenment
 s - a potion of attraction
 x - 3 potions of lignification {unknown}
 z - a potion of haste


   Skills:
 + Level 9.2 Fighting
 * Level 11.3 Polearms
 + Level 6.9 Dodging
 - Level 1.0 Spellcasting
 - Level 4.0 Fire Magic


You had 9 spell levels left.
You knew the following spells:

 Your Spells              Type           Power      Damage    Failure   Level
a - Scorch                Fire           34%        2d6       4%          2

Your spell library contained the following spells:

 Spells                   Type           Power      Damage    Failure   Level
 Blink                    Tloc           2%         N/A       26%         2


Dungeon Overview and Level Annotations

Branches:
Dungeon (9/15)             Temple (0/1) D:5         Ossuary (visited)
   Lair: D:8-11         Orc: D:9-12

Altars:
Ashenzari
Gozag
Kikubaaqudgha
Qazlal
Vehumet

Annotations:
D:6 2 runed translucent doors, BigPumpCobain's ghost, novice TrSh


Innate Abilities, Weirdness & Mutations

You can breathe blasts of fire.
Your fiery red scales are hard. (AC +7)
You cannot fit into any form of body armour.
Your flesh is heat resistant. (rF+)
You are cold-blooded and may be slowed by cold attacks.


Message History

You closely miss the wight.
Your tail-slap misses the wight.
The wight hits you with a +0 spear.
* * * LOW HITPOINT WARNING * * *
Unknown command.
You barely miss the wight. The wight hits you with a +0 spear.
* * * LOW HITPOINT WARNING * * *
You feel drained.
Unknown command.
You slash the wight!
The wight is heavily damaged.
The wight hits you but does no damage.
You barely miss the wight.
The wight is heavily damaged.
The wight misses you.
Unknown command.
You closely miss the wight.
The wight is heavily damaged.
The wight barely misses you. The wight hits you but does no damage.
Unknown command.
You closely miss the wight.
The wight is heavily damaged.
The wight barely misses you.
Unknown command.
You closely miss the wight.
The wight is heavily damaged.
The wight misses you.
Unknown command.
You barely miss the wight.
The wight is heavily damaged.
The wight hits you but does no damage.
Unknown command.
Unknown command.
You barely miss the wight.
The wight is heavily damaged.
The wight barely misses you.
You slash the wight!
You destroy the wight!
You hit the wight but do no damage.
Your tail-slap misses the wight.
The wight closely misses you. The wight hits you with a +1 mace!
You die...

.....##.# <.......#
.....##.####
...........#
.....##.##.#
........##.#
.....##.##.##
....>##.#..(###########.
##.####.....))))@z......
#...#####...###########.
.....####........
#.......)......##
...#.......###.#
.###.####..# ... .# #.#
#..# ### .# #.# #..# .#
#.####..#


You could see a wight.

Vanquished Creatures
  Amaemon (D:8)
  A gargoyle (D:7)
  An orange demon (D:7)
  A hornet (D:8)
  5 yaks
  Menkaure (D:6)
  3 water moccasins
  An orc warrior (D:8)
  3 sky beasts (D:7)
  3 black bears
  2 ice beasts
  An ogre (D:5)
  2 centaurs
  A phantom (D:5)
  A kobold brigand (D:9)
  A bullfrog (D:7)
  4 scorpions
  2 wights (D:9)
  5 killer bees (D:4)
  A howler monkey (D:7)
  3 bullfrog zombies (Ossuary)
  3 hounds
  2 orc priests
  A jelly (D:8)
  5 iguanas
  Jessica (D:2)
  2 orc wizards
  A sleepcap (D:7)
  4 crocodile zombies (Ossuary)
  2 hound zombies (Ossuary)
  7 howler monkey zombies (Ossuary)
  Robin (D:3)
  4 mummies (Ossuary)
  4 adders
  A gnoll (D:1)
  2 shadow imps
  A white imp (D:7)
  A dart slug (D:3)
  A ribbon worm (D:5)
  15 orcs
  7 bats
  10 endoplasms
  2 giant cockroaches
  14 goblins
  11 hobgoblins
  14 kobolds
  8 quokkas
  7 ball pythons
  4 ball python zombies (Ossuary)
  3 frilled lizards (D:1)
  6 rats
187 creatures vanquished.

Notes
Turn   | Place    | Note
-------+----------+-------------------------------------------
     0 | D:1      | jestert79 the Draconian Cinder Acolyte began the quest for
                  | the Orb.
     0 | D:1      | Reached XP level 1. HP: 19/19 MP: 2/2
   108 | D:1      | Reached XP level 2. HP: 26/26 MP: 3/3
   247 | D:1      | Reached skill level 4 in Polearms
   252 | D:1      | Learned a level 2 spell: Scorch
   402 | D:1      | Reached XP level 3. HP: 31/31 MP: 1/4
  1425 | D:2      | Noticed Jessica
  1462 | D:2      | Killed Jessica
  1463 | D:2      | Reached skill level 5 in Polearms
  1463 | D:2      | Reached XP level 4. HP: 8/38 MP: 1/5
  1596 | D:2      | Got Jessica's Anthology of Position
  1768 | D:2      | Found an opulent altar of Gozag.
  1837 | D:3      | Found a radiant altar of Vehumet.
  2102 | D:3      | Noticed Robin
  2758 | D:3      | Killed Robin
  3130 | D:4      | Reached XP level 5. HP: 45/45 MP: 3/6
  3442 | D:4      | Reached skill level 6 in Polearms
  4205 | D:4      | Reached XP level 6. HP: 27/51 MP: 2/7
  4328 | D:4      | Reached skill level 7 in Polearms
  4730 | D:5      | Entered Level 5 of the Dungeon
  4777 | D:4      | Reached skill level 8 in Polearms
  4876 | D:4      | Your scales start taking on a fiery red colour.
  4876 | D:4      | Reached XP level 7. HP: 18/57 MP: 0/8
  4876 | D:4      | Gained mutation: Your flesh is heat resistant. (rF+) [Red
                  | Draconian growth]
  5192 | D:5      | Reached skill level 1 in Dodging
  5309 | D:5      | Found a staircase to the Ecumenical Temple.
  5497 | D:5      | Reached XP level 8. HP: 34/67 MP: 1/9
  5985 | D:6      | Found a large runed translucent door.
  5986 | D:6      | Found a large runed translucent door.
  5991 | D:6      | Noticed BigPumpCobain's ghost (novice TrSh)
  6012 | D:6      | Reached skill level 5 in Fighting
  6024 | D:6      | Reached skill level 9 in Polearms
  6421 | D:6      | Found a broken altar of Ashenzari.
  6641 | D:6      | Noticed Menkaure
  6646 | D:6      | Killed Menkaure
  7120 | D:7      | Found a sand-covered staircase.
  7128 | Ossuary  | Entered an ossuary
  7751 | Ossuary  | Reached XP level 9. HP: 78/78 MP: 4/10
  8327 | D:7      | Noticed a gargoyle
  8375 | D:7      | Killed a gargoyle
  8376 | D:7      | Reached skill level 10 in Polearms
  8376 | D:7      | Reached skill level 5 in Dodging
  8527 | D:7      | Found an ancient bone altar of Kikubaaqudgha.
  8618 | D:7      | Found a stormy altar of Qazlal.
  9053 | D:8      | Noticed an orange demon
  9054 | D:8      | Noticed Amaemon
  9579 | D:7      | Killed an orange demon
  9825 | D:8      | Killed Amaemon
  9826 | D:8      | Reached XP level 10. HP: 26/90 MP: 8/11
 10125 | D:8      | Reached skill level 11 in Polearms
 10184 | D:8      | Noticed a skeletal warrior
 10762 | D:9      | Slain by a wight

Illustrated notes

Levels and vault maps discovered:
D:1:      dpeg_arrival_rooms_c, layout_loops_cross, serial_bayou_lagoon_a,
          st_stairs_11, minmay_ruptured
D:2:      layout_basic, basic_altar, kennysheep_jessica_study
D:3:      layout_basic, vehumet_altar_wand_db, nrook_mini_backslash,
          moated_statue, solitary_fountain, uniq_robin
D:4:      layout_layer_cave
D:5:      layout_rooms, minmay_temple_entry_mist
D:6:      layout_basic, mainiacjoe_overflow_chevrons,
          ebering_ghost_disaster_area, nicolae_figureground_sparkle,
          uniq_menkaure
D:7:      layout_loops_ring, jmf_multi_god_temple2,
          nicolae_ossuary_entry_monument, minmay_misc_feat_five
D:8:      layout_basic, uniq_amaemon
D:9:      layout_loops_ring, kennysheep_potato

Skill      XL: |  1  2  3  4  5  6  7  8  9 10 |
---------------+-------------------------------+-----
Polearms       | 4 5 6 8 9 10 11 | 11.3
Dodging        | 2 4 6 |  6.9
Fighting       | 4 6 8 9 |  9.2
Fire Magic     | 4 |  4.0
Spellcasting   | |  1.0

Action                     |  1- 3 |  4- 6 |  7- 9 | 10-12 || total
---------------------------+-------+-------+-------+-------++-------
  Melee: Spear             |   163 |   101 |   338 |    40 ||   642
         Tailslap          |    12 |     6 |    52 |    12 ||    82
         Punch             |       |       |     6 |       ||     6
         Glaive            |       |       |       |    71 ||    71
   Cast: Scorch            |     7 |    46 |   106 |    10 ||   169
Ability: Breathe Fire      |       |       |     8 |       ||     8
  Evoke: Wand              |       |     5 |    10 |     4 ||    19
    Use: Potion            |     1 |       |     2 |     1 ||     4
         Scroll            |       |     8 |     9 |       ||    17
 Armour: Skin              |    66 |    76 |   198 |    71 ||   411
  Dodge: Dodged            |    60 |    62 |   137 |    99 ||   358
         Repelled          |       |     1 |     4 |     1 ||     6

Table legend: (Time is in decaauts)
 A = Elapsed time spent in this place.
 B = Non-inter-level travel time spent in this place.
 C = Inter-level travel time spent in this place.
 D = Time resting spent in this place.
 E = Time spent auto-exploring this place.
 F = Levels seen in this place.
 G = Mean time per level.
                   A        B        C        D        E       F      G
               +--------+--------+--------+--------+--------+-----+--------+
         Total |  10651 |  10056 |    595 |   3217 |   4251 |  10 | 1065.1 |
       Dungeon |   9757 |   9162 |    595 |   2740 |   4160 |   9 | 1084.1 |
       Ossuary |    894 |    894 |      0 |    477 |     90 |   1 |  894.0 |
               +--------+--------+--------+--------+--------+-----+--------+

Top non-repeatable levels by time:
     D:4: 1831 daAuts
     D:7: 1705 daAuts
     D:2: 1170 daAuts
     D:6: 1092 daAuts
     D:3: 1052 daAuts
     D:5: 929 daAuts
 Ossuary: 894 daAuts
     D:1: 858 daAuts
     D:8: 757 daAuts
     D:9: 359 daAuts
